AoeStats
← [CL] Al3jandr0.magn00

Arabia

503729509Analyzed
1v1 RM · 1mo ago on Sep 2, 2026· 28m 37s· 2 players
Game mode
Random Map
Map size
Tiny (2 player)
Population
200
Speed
Normal
Resources
Standard
Victory
Conquest
Starting age
Dark Age
Ending age
Imperial Age
RankedLock teamsTeams togetherTeam positionsShared explorationLock speedFull tech treeHidden civsTurbo modeCheats
Victory
Defeat
🇦🇷 Persians · Argentina
1858
+15
🇫🇷 Bengalis · France
1839
-15
Beauvéro
6:39 Loom
9:02 Feudal Age
9:34 Town Watch
11:46 Double-Bit Axe
14:56 Fletching
22:25 Castle Age
21:02 Gold Mining
21:43 Horse Collar
22:14 Padded Archer Armor
22:47 Crossbowman
23:28 Bodkin Arrow
[CL] Al3jandr0.magn00
6:25 Loom
8:52 Feudal Age
8:56 Man-at-Arms
13:10 Double-Bit Axe
15:36 Fletching
21:54 Castle Age
19:51 Horse Collar
20:59 Gold Mining
22:18 Bodkin Arrow
21:44 Crossbowman
25:13 Town Watch
26:03 Wheelbarrow
Connection lost

Rejoining the realm…

Still unreachable

The connection could not be restored.

Session expired

The server has moved on; the page needs a fresh start.